 Dungeon Crawl Stone Soup version 0.31.0-11-ge490571c62 (webtiles) character file.

Game seed: 5383619801221169339

739 qw the Shooter (level 7, -5/35 HPs)
             Began as a Spriggan Hunter on Feb 3, 2024.
             Slain by Duvessa
             ... wielding a +2 short sword of speed
              (6 damage)
             ... on level 5 of the Dungeon.
             The game lasted 00:00:16 (3307 turns).

qw the Shooter (Spriggan Hunter)                    Turns: 3307, Time: 00:00:17

Health: -5/35      AC:  2    Str: 16    XL:     7   Next: 46%
Magic:  8/8        EV: 20    Int: 11    God:
Gold:   236        SH:  0    Dex: 17    Spells: 6/6 levels left

rFire   . . .        a - +2 shortbow
rCold   . . .        (shield currently unavailable)
rNeg    . . .        c - +0 robe
rPois   +            (helmet restricted)
rElec   .            (no cloak)
rCorr   .            (gloves unavailable)
SInv    +            (boots unavailable)
Will    +....        b - amulet of Uczudgho {Faith Str+3 Dex-3 SInv}
Stlth   ++           i - ring of poison resistance
HPRegen 0.25/turn    g - +6 ring of strength
MPRegen 0.11/turn

%: faith
@: very quick
A: very small, no large weapons, unfitting armour, see invisible, speed 3
a: no special abilities


You were on level 5 of the Dungeon.
You visited 1 branch of the dungeon, and saw 5 of its levels.

You collected 236 gold pieces.


Innate Abilities, Weirdness & Mutations

You are very small and have problems with some larger weapons.
You are too small for most types of armour.
You have supernaturally acute eyesight. (SInv)
You cover ground extremely quickly. (Speed+++)


   Skills:
 - Level 2.3 Fighting
 + Level 7.9 Ranged Weapons
 - Level 6.2 Dodging
 - Level 1.5 Stealth


You had 6 spell levels left.
You didn't know any spells.
Your spell library was empty.

Inventory:

Hand Weapons
 a - a +2 shortbow (weapon)
Armour
 c - a +0 robe (worn)
Jewellery
 b - the amulet of Uczudgho (around neck) {Faith Str+3 Dex-3 SInv}
   (You acquired it on level 2 of the Dungeon)

   [amulet of faith]

   Faith:     It allows you to gain divine favour quickly.
   Str+3:     It affects your strength (+3).
   Dex-3:     It affects your dexterity (-3).
   SInv:      It lets you see invisible.
 g - a +6 ring of strength (right hand)
 h - an amulet of reflection
 i - a ring of poison resistance (left hand)
Wands
 f - a wand of roots (7)
 o - a wand of digging (5)
 q - a wand of mindburst (10)
Scrolls
 n - a scroll of enchant armour
 r - a scroll of noise {unknown}
Potions
 d - a potion of enlightenment
 e - 2 potions of curing
 j - a potion of mutation
 k - a potion of degeneration {unknown}
 l - a potion of heal wounds {unknown}
 p - a potion of might {unknown}

Dungeon Overview and Level Annotations

Branches:
Dungeon (5/15)
 Temple: D:4-7

Altars:
Cheibriados
Hepliaklqana
Wu Jian
Xom
Zin

Annotations:
D:5 Dowan, Duvessa


Message History

You kill the orc!
There is an open door here.
Things that are here:
a +0 club; a +0 leather armour You open the door.
There is an open door here.
Found a stone staircase leading up.
Enter note:
3298 ||| READING scroll labelled HONUDGHYETZ.
As you read the scroll labelled HONUDGHYETZ, it crumbles to dust.
You feel strangely unstable.
It was a scroll of teleportation.
You start waiting.
Your surroundings suddenly seem different.
Duvessa, Dowan and an orc come into view.
Duvessa is wielding a +2 short sword of speed.
Found a stone staircase leading down.
You shoot an arrow. The arrow hits Dowan.
Dowan shouts!
Dowan is lightly wounded.
Duvessa shouts!
The orc shouts!
You hear a shout! x2
Dowan says, "My weaknesses are her strengths!"
You shoot an arrow. The arrow hits Dowan.
Dowan is lightly wounded.
An orc priest comes into view. It is wielding a +0 trident.
Dowan hits you with a +0 dagger.
You shoot an arrow. The arrow hits Dowan!
Dowan is heavily wounded.
Duvessa completely misses you.
An orc comes into view. It is wielding a +0 dagger.
Dowan hits you with a +0 dagger.
You shoot an arrow. The arrow hits Dowan.
Dowan is heavily wounded.
Duvessa hits you with a +2 short sword of speed!
The orc priest hits you from afar with a +0 trident!
Dowan closely misses you.
Duvessa hits you with a +2 short sword of speed!
You shoot an arrow. The arrow hits Dowan.
Dowan is severely wounded.
Duvessa hits you with a +2 short sword of speed.
You die...

..........#
#######
..........#
.......
..........# #
#######
..........# ..
.......
..........##..#
###.###
.............
#<.
.......ee.##.##
###
.......@......#
............>..
.
####oo........#
#.
...#####+#### #
#.... #. #...
##.. ## #..
.....#. #..
.....#. #....#.


You could see Duvessa, Dowan, an orc priest and an orc.

Vanquished Creatures
  Menkaure (D:4)
  Edmund (D:5)
  An ice beast (D:5)
  A phantom (D:5)
  2 bombardier beetles
  An orc priest (D:4)
  A hound (D:5)
  Natasha (thrice) (D:2)
  6 gnolls
  An adder (D:2)
  3 dart slugs
  2 ribbon worms
  5 orcs
  6 bats
  4 endoplasms
  2 giant cockroaches (D:1)
  8 goblins
  5 hobgoblins
  10 kobolds
  6 quokkas
  2 ball pythons
  4 frilled lizards (D:1)
  6 rats
81 creatures vanquished.

Notes
Turn   | Place    | Note
-------+----------+-------------------------------------------
     0 | D:1      | qw the Spriggan Hunter began the quest for the Orb.
     0 | D:1      | Reached XP level 1. HP: 10/10 MP: 2/2
     0 | D:1      | 0 ||| qw: Version: 0.3-a-158-g18b3111
     0 | D:1      | 0 ||| qw: Game counter: 4280
     0 | D:1      | 0 ||| qw: Melee chars always use a shield: true
     0 | D:1      | 0 ||| qw: God list: Okawaru
     0 | D:1      | 0 ||| qw: Allow faded altars: false
     0 | D:1      | 0 ||| qw: Do Orc after clearing Dungeon:15 true
     0 | D:1      | 0 ||| qw: Do second Lair branch before Depths: true
     0 | D:1      | 0 ||| qw: Lair rune preference: random
     0 | D:1      | 0 ||| qw: Goals: Normal
     0 | D:1      | 0 ||| PLANNING D:1-11
    51 | D:1      | Reached skill level 3 in Dodging
   146 | D:1      | Reached XP level 2. HP: 14/14 MP: 3/3
   467 | D:1      | Found a faded altar of an unknown god.
   901 | D:1      | 901 ||| UPGRADING to ring of poison resistance.
   902 | D:1      | 902 ||| READING scroll labelled OWAMUQ TYONUBO.
   902 | D:1      | 902 ||| IDENTIFYING green potion
   903 | D:1      | 903 ||| READING scroll labelled PASHRI WIEBLO.
   903 | D:1      | 903 ||| ENCHANTING +0 shortbow.
   904 | D:1      | 904 ||| READING scroll labelled FAINI KYIWOOT.
   904 | D:1      | 904 ||| ENCHANTING +1 shortbow.
   905 | D:1      | 905 ||| READING scroll labelled USUKHAD NETTI.
   906 | D:1      | 906 ||| DROPPING scroll of butterflies.
   965 | D:2      | Noticed Natasha
   968 | D:2      | Killed Natasha
   969 | D:2      | Reached XP level 3. HP: 18/18 MP: 4/4
   969 | D:2      | 969 ||| FLEEEEING.
   970 | D:2      | 970 ||| FLEEEEING.
   971 | D:2      | 971 ||| FLEEEEING.
   972 | D:2      | 972 ||| FLEEEEING.
   973 | D:2      | 973 ||| FLEEEEING.
   974 | D:2      | 974 ||| FLEEEEING.
   975 | D:2      | 975 ||| FLEEEEING.
   976 | D:2      | 976 ||| FLEEEEING.
   977 | D:2      | 977 ||| FLEEEEING.
   978 | D:2      | 978 ||| FLEEEEING.
   979 | D:2      | 979 ||| FLEEEEING.
   980 | D:2      | 980 ||| FLEEEEING.
   981 | D:2      | 981 ||| FLEEEEING.
   982 | D:2      | 982 ||| FLEEEEING.
   983 | D:2      | 983 ||| FLEEEEING.
   986 | D:2      | 986 ||| FLEEEEING.
   987 | D:2      | 987 ||| FLEEEEING.
   988 | D:2      | 988 ||| FLEEEEING.
   989 | D:2      | 989 ||| FLEEEEING.
   990 | D:2      | 990 ||| FLEEEEING.
   991 | D:2      | 991 ||| FLEEEEING.
   992 | D:2      | 992 ||| FLEEEEING.
  1039 | D:2      | Reached skill level 5 in Ranged Weapons
  1088 | D:2      | Reached XP level 4. HP: 22/22 MP: 5/5
  1193 | D:2      | 1193 ||| UPGRADING to +6 ring of strength.
  1194 | D:2      | 1194 ||| READING scroll of identify.
  1194 | D:2      | 1194 ||| IDENTIFYING glowing green potion
  1195 | D:2      | 1195 ||| READING scroll labelled XEIBEA MUST.
  1196 | D:2      | 1196 ||| READING scroll labelled PUOMEE FYPUKE.
  1196 | D:2      | Identified a scroll of acquirement
  1196 | D:2      | 1196 ||| ACQUIRING amulet of Uczudgho {Faith Str+3 Dex-3
                  | SInv}
  1196 | D:2      | Acquired the amulet of Uczudgho {Faith Str+3 Dex-3 SInv}
  1198 | D:2      | 1198 ||| UPGRADING to amulet of Uczudgho {Faith Str+3 Dex-3
                  | SInv}.
  1206 | D:2      | 1206 ||| FLEEEEING.
  1207 | D:2      | 1207 ||| FLEEEEING.
  1215 | D:2      | 1215 ||| FLEEEEING.
  1216 | D:2      | 1216 ||| FLEEEEING.
  1217 | D:2      | 1217 ||| FLEEEEING.
  1218 | D:2      | 1218 ||| FLEEEEING.
  1219 | D:2      | 1219 ||| FLEEEEING.
  1220 | D:2      | 1220 ||| FLEEEEING.
  1221 | D:2      | 1221 ||| FLEEEEING.
  1222 | D:2      | 1222 ||| FLEEEEING.
  1223 | D:2      | 1223 ||| FLEEEEING.
  1224 | D:2      | 1224 ||| FLEEEEING.
  1228 | D:2      | 1228 ||| FLEEEEING.
  1229 | D:2      | 1229 ||| FLEEEEING.
  1230 | D:2      | 1230 ||| FLEEEEING.
  1231 | D:2      | 1231 ||| FLEEEEING.
  1234 | D:2      | 1234 ||| FLEEEEING.
  1235 | D:2      | 1235 ||| FLEEEEING.
  1236 | D:2      | 1236 ||| FLEEEEING.
  1237 | D:2      | 1237 ||| FLEEEEING.
  1238 | D:2      | 1238 ||| FLEEEEING.
  1239 | D:2      | 1239 ||| FLEEEEING.
  1241 | D:2      | 1241 ||| FLEEEEING.
  1242 | D:2      | 1242 ||| FLEEEEING.
  1243 | D:2      | 1243 ||| FLEEEEING.
  1244 | D:2      | 1244 ||| FLEEEEING.
  1245 | D:2      | 1245 ||| FLEEEEING.
  1248 | D:2      | 1248 ||| FLEEEEING.
  1249 | D:2      | 1249 ||| FLEEEEING.
  1250 | D:2      | 1250 ||| FLEEEEING.
  1251 | D:2      | 1251 ||| FLEEEEING.
  1292 | D:2      | Noticed Natasha
  1298 | D:2      | Killed Natasha
  1369 | D:2      | Noticed Natasha
  1379 | D:2      | Killed Natasha
  1470 | D:2      | 1470 ||| READING scroll of enchant weapon.
  1470 | D:2      | 1470 ||| ENCHANTING +1 shortbow.
  1488 | D:2      | Reached XP level 5. HP: 26/26 MP: 6/6
  1589 | D:2      | 1589 ||| DROPPING amulet of regeneration.
  1590 | D:2      | 1590 ||| READING scroll of identify.
  1590 | D:2      | 1590 ||| IDENTIFYING puce potion
  1591 | D:2      | 1591 ||| READING scroll labelled DYJ VIG KOCW.
  1592 | D:2      | 1592 ||| DROPPING potion of attraction.
  1742 | D:3      | 1742 ||| FLEEEEING.
  1744 | D:3      | 1744 ||| FLEEEEING.
  1745 | D:3      | 1745 ||| FLEEEEING.
  1747 | D:3      | 1747 ||| FLEEEEING.
  1748 | D:3      | 1748 ||| FLEEEEING.
  1765 | D:3      | Found a hazy altar of Hepliaklqana.
  1925 | D:3      | Found a snail-covered altar of Cheibriados.
  1938 | D:3      | Noticed an angel
  1939 | D:3      | Found a glowing silver altar of Zin.
  1939 | D:3      | Found a shimmering altar of Xom.
  2086 | D:3      | HP: 1/26 [gnoll/+0 halberd (11)]
  2088 | D:3      | Reached skill level 6 in Ranged Weapons
  2302 | D:4      | Found an ornate altar of the Wu Jian Council.
  2321 | D:4      | 2321 ||| FLEEEEING.
  2322 | D:4      | 2322 ||| FLEEEEING.
  2323 | D:4      | 2323 ||| FLEEEEING.
  2324 | D:4      | 2324 ||| FLEEEEING.
  2327 | D:4      | 2327 ||| FLEEEEING.
  2328 | D:4      | 2328 ||| FLEEEEING.
  2329 | D:4      | 2329 ||| FLEEEEING.
  2330 | D:4      | 2330 ||| STAIRDANCE
  2356 | D:3      | 2356 ||| READING scroll labelled UNIJURIFELL.
  2457 | D:3      | 2457 ||| READING scroll labelled MIULLECKAZ.
  2562 | D:4      | Reached XP level 6. HP: 30/30 MP: 7/7
  2652 | D:4      | 2652 ||| FLEEEEING.
  2654 | D:4      | 2654 ||| FLEEEEING.
  2655 | D:4      | 2655 ||| FLEEEEING.
  2656 | D:4      | 2656 ||| FLEEEEING.
  2657 | D:4      | 2657 ||| FLEEEEING.
  2658 | D:4      | 2658 ||| FLEEEEING.
  2659 | D:4      | 2659 ||| FLEEEEING.
  2660 | D:4      | 2660 ||| FLEEEEING.
  2661 | D:4      | 2661 ||| FLEEEEING.
  2662 | D:4      | 2662 ||| FLEEEEING.
  2663 | D:4      | 2663 ||| FLEEEEING.
  2664 | D:4      | 2664 ||| FLEEEEING.
  2665 | D:4      | 2665 ||| FLEEEEING.
  2666 | D:4      | 2666 ||| FLEEEEING.
  2669 | D:4      | 2669 ||| FLEEEEING.
  2674 | D:4      | 2674 ||| FLEEEEING.
  2675 | D:4      | 2675 ||| FLEEEEING.
  2676 | D:4      | 2676 ||| FLEEEEING.
  2677 | D:4      | 2677 ||| FLEEEEING.
  2678 | D:4      | 2678 ||| FLEEEEING.
  2679 | D:4      | 2679 ||| FLEEEEING.
  2681 | D:4      | 2681 ||| FLEEEEING.
  2682 | D:4      | 2682 ||| FLEEEEING.
  2683 | D:4      | 2683 ||| FLEEEEING.
  2684 | D:4      | 2684 ||| FLEEEEING.
  2685 | D:4      | 2685 ||| FLEEEEING.
  2686 | D:4      | 2686 ||| FLEEEEING.
  2687 | D:4      | 2687 ||| FLEEEEING.
  2688 | D:4      | 2688 ||| FLEEEEING.
  2692 | D:4      | 2692 ||| FLEEEEING.
  2693 | D:4      | 2693 ||| FLEEEEING.
  2694 | D:4      | 2694 ||| FLEEEEING.
  2695 | D:4      | 2695 ||| FLEEEEING.
  2696 | D:4      | 2696 ||| FLEEEEING.
  2697 | D:4      | 2697 ||| FLEEEEING.
  2698 | D:4      | 2698 ||| FLEEEEING.
  2733 | D:4      | Noticed Menkaure
  2739 | D:4      | Killed Menkaure
  2928 | D:4      | Reached skill level 7 in Ranged Weapons
  2952 | D:4      | 2952 ||| DROPPING scarf of invisibility.
  2953 | D:4      | 2953 ||| READING scroll of identify.
  2953 | D:4      | 2953 ||| IDENTIFYING golden potion
  2954 | D:4      | 2954 ||| READING scroll labelled SAMIHIKHLIRR.
  2974 | D:5      | Entered Level 5 of the Dungeon
  3033 | D:5      | Noticed an ice beast
  3041 | D:5      | Killed an ice beast
  3042 | D:5      | Reached skill level 6 in Dodging
  3042 | D:5      | Reached XP level 7. HP: 35/35 MP: 8/8
  3047 | D:5      | Noticed Edmund
  3061 | D:5      | Killed Edmund
  3298 | D:5      | 3298 ||| READING scroll labelled HONUDGHYETZ.
  3302 | D:5      | Noticed Duvessa
  3302 | D:5      | Noticed Dowan
  3306 | D:5      | HP: 1/35 [Duvessa/+2 short sword of speed (9)]
  3307 | D:5      | Slain by Duvessa

Levels and vault maps discovered:
D:1:      lightli_iron_boxes, layout_basic, ebering_ecumenical_altar_webs,
          chequers_serial_rivers_room_b
D:2:      layout_basic, minmay_misc_feat_five, minmay_unequal, uniq_natasha
D:3:      layout_basic, grunt_temple_overflow_order_and_chaos_1,
          mainiacjoe_overflow_tiny_flanked, lemuel_doored_altar,
          dk_noncrumbling_4
D:4:      layout_layer_cave, nicolae_overflow_hidden_temple, uniq_menkaure
D:5:      layout_basic, minmay_misc_feat_encased, uniq_edmund, uniq_duvessa

Skill      XL: |  1  2  3  4  5  6 |
---------------+-------------------+-----
Dodging        | 3 4 5 6 |  6.2
Ranged Weapons | 5 6 7 |  7.9
Fighting       | 2 |  2.3
Stealth        | |  1.5

Action                     |  1- 3 |  4- 6 |  7- 9 || total
---------------------------+-------+-------+-------++-------
   Fire: Shortbow          |    79 |   167 |    45 ||   291
    Use: Scroll            |     4 |    10 |     1 ||    15
 Armour: Robe              |     7 |    17 |    15 ||    39
  Dodge: Dodged            |    18 |    43 |    21 ||    82

Table legend:
 A = Non-vault XP
 B = Vault XP
 C = Vault XP percentage of total XP
 D = Non-vault monster count
 E = Vault monster count
 F = Vault count percentage of total count
                 A         B        C        D         E       F
            +---------+---------+-------+---------+---------+-------
      Total |     684 |     373 |  35.3 |      75 |       6 |   7.4
            +---------+---------+-------+---------+---------+-------
        D:1 |      40 |       0 |   0.0 |      23 |       0 |   0.0
        D:2 |     113 |      43 |  27.6 |      20 |       4 |  16.7
        D:3 |     111 |       0 |   0.0 |      17 |       0 |   0.0
        D:4 |     142 |     172 |  54.8 |      11 |       1 |   8.3
        D:5 |     278 |     158 |  36.2 |       4 |       1 |  20.0
            +---------+---------+-------+---------+---------+-------
